AoeStats
← [AirBo]一大包

African Clearing

506396168Analyzed
4v4 RM · 18d ago on Sep 13, 2026· 43m 7s· 8 players
Game mode
Random Map
Map size
Large (8 player)
Population
200
Speed
Normal
Resources
Standard
Victory
Conquest
Starting age
Dark Age
Ending age
Imperial Age
RankedLock teamsTeams togetherTeam positionsShared explorationLock speedFull tech treeHidden civsTurbo modeCheats
Victory
Defeat
🇦🇷 Khitans · Argentina
1689
+15
🇭🇰 Byzantines · Hong Kong SAR China
1663
+16
🇹🇼 Wei · Taiwan
1575
+20
🇹🇼 Dravidians · Taiwan
1565
+19
🇨🇳 Shu · China
1712
-20
🇨🇳 Cumans · China
1673
-18
🇨🇳 Huns · China
1628
-16
🇨🇳 Turks · China
1620
-16
儒门大吊-日食
10:05 Loom
12:22 Feudal Age
12:53 Double-Bit Axe
14:06 Town Watch
16:52 Fletching
26:39 Castle Age
25:31 Stone Mining
25:54 Gold Mining
29:01 Bodkin Arrow
35:47 Wheelbarrow
35:29 Bow Saw
37:13 Gold Shaft Mining
38:19 Horse Collar
38:42 Horse Collar
44:37 Imperial Age
枯山水
10:22 Loom
13:21 Feudal Age
14:23 Double-Bit Axe
17:08 Castle Age
15:17 Fletching
18:44 Bodkin Arrow
27:05 Bloodlines
26:57 Husbandry
28:12 Wheelbarrow
33:19 Horse Collar
33:57 Bow Saw
40:34 Imperial Age
39:25 Hand Cart
39:17 Scale Barding Armor
39:13 Gold Mining
39:38 Bloodlines
40:31 Chain Barding Armor
40:29 Town Watch
41:07 Heavy Plow
40:39 Heavy Camel Rider
41:39 Forging
42:31 Gold Shaft Mining
44:00 Plate Barding Armor
Hash-
9:12 Loom
12:19 Feudal Age
12:53 Double-Bit Axe
13:37 Horse Collar
18:00 Wheelbarrow
17:24 Town Watch
23:34 Castle Age
22:43 Scale Barding Armor
23:33 Forging
23:36 Bloodlines
26:20 Light Cavalry
29:56 Chain Barding Armor
30:54 Capped Ram
czj136
4:01 Loom
13:20 Feudal Age
17:19 Castle Age
16:32 Double-Bit Axe
17:26 Fletching
18:57 Bodkin Arrow
21:09 Gold Mining
24:23 Padded Archer Armor
27:06 Ballistics
27:27 Husbandry
35:24 Bloodlines
38:38 Imperial Age
36:29 Scale Barding Armor
38:33 Chain Barding Armor
38:58 Forging
40:00 Plate Barding Armor
39:46 Marauders
39:52 Elite Tarkan
41:23 Gold Shaft Mining
42:11 Iron Casting
[AirBo]一大包
11:45 Feudal Age
13:04 Double-Bit Axe
13:25 Loom
14:01 Fletching
26:00 Double-Bit Axe
29:42 Castle Age
30:03 Wheelbarrow
29:14 Town Watch
32:10 Crossbowman
32:47 Bodkin Arrow
32:53 Padded Archer Armor
40:24 Ballistics
41:10 Bow Saw
甜心包
12:28 Loom
14:30 Feudal Age
18:45 Castle Age
19:22 Double-Bit Axe
19:30 Town Watch
20:06 Fishing Lines
21:07 Bow Saw
25:38 Stone Mining
27:41 Gold Mining
33:21 Bloodlines
34:18 Scale Barding Armor
34:24 Forging
34:59 Forging
34:57 Husbandry
35:02 Gillnets
35:29 Horse Collar
36:33 Wheelbarrow
39:04 Imperial Age
37:02 Heavy Plow
37:54 Gold Shaft Mining
38:10 Chain Barding Armor
38:29 Hand Cart
40:28 Iron Casting
39:15 Heavy Hei Guang Cavalry
42:16 Blast Furnace
[AirBo]實心包
8:11 Loom
13:41 Feudal Age
18:02 Castle Age
17:19 Double-Bit Axe
17:44 Fletching
21:01 Elite Skirmisher
21:37 Bodkin Arrow
26:12 Ballistics
27:51 Padded Archer Armor
31:44 Wheelbarrow
32:49 Horse Collar
36:54 Imperial Age
34:48 Leather Archer Armor
33:56 Crossbowman
35:28 Gold Mining
35:51 Bow Saw
37:08 Heavy Plow
37:52 Hand Cart
37:39 Bracer
38:25 Thumb Ring
38:40 Arbalester
42:08 Ring Archer Armor
42:09 Scale Mail Armor
42:20 Forging
41:31 Pikeman
42:11 Squires
42:50 Conscription
[AirBo]空氣包
11:16 Feudal Age
11:03 Loom
12:14 Double-Bit Axe
13:03 Domestication
16:49 Forging
18:05 Scale Barding Armor
20:38 Wheelbarrow
23:10 Castle Age
24:57 Iron Casting
24:44 Chain Barding Armor
23:47 Light Cavalry
24:48 Husbandry
29:55 Iron Casting
29:57 Town Watch
32:08 Hand Cart
35:09 Stone Mining
35:49 Bow Saw
35:40 Pastoralism
42:31 Imperial Age
42:38 Gold Mining
43:24 Stone Shaft Mining
43:51 Plate Barding Armor
43:24 Ordo Cavalry
Connection lost

Rejoining the realm…

Still unreachable

The connection could not be restored.

Session expired

The server has moved on; the page needs a fresh start.